 Dungeon Crawl Stone Soup version 0.24-a0-507-g3e8b242632 (webtiles) character file.

Game seed: 1932390830637611612

33 Gynju the Vandal (level 3, 0/24 HPs)
             Began as a Halfling Hunter on July 19, 2019.
             Slain by a hobgoblin (2 damage)
             ... on level 2 of the Dungeon.
             The game lasted 00:02:30 (1067 turns).

Gynju the Vandal (Halfling Hunter)                  Turns: 1067, Time: 00:02:31

Health: 0/24       AC:  3    Str: 13    XL:     3   Next: 47%
Magic:  3/3        EV: 14    Int:  9    God:
Gold:   40         SH:  0    Dex: 15    Spells: 2/2 levels left

rFire    . . .     SeeInvis .   b - +0 short sword
rCold    . . .     Gourm    .   (shield restricted)
rNeg     . . .     Faith    .   c - +0 leather armour
rPois    .         Spirit   .   (no helmet)
rElec    .         Reflect  .   (no cloak)
rCorr    .         Harm     .   (no gloves)
MR       .....                  (no boots)
Stlth    ++........             (no amulet)
HPRegen  0.08/turn              (no ring)
MPRegen  0.08/turn              (no ring)

@: lethally poisoned (0 -> -10)
A: small, mutation resistance 1
a: no special abilities


You were on level 2 of the Dungeon.
You were not hungry.

You visited 1 branch of the dungeon, and saw 2 of its levels.

You collected 40 gold pieces.

Inventory:

Hand Weapons
 a - a +1 hunting sling
 b - a +0 short sword (weapon)
Missiles
 d - 41 sling bullets
 j - 39 stones (quivered)
Armour
 c - a +0 leather armour (worn)
Jewellery
 i - an uncursed amulet of rage {unknown}
Scrolls
 k - a scroll of identify {unknown}
 l - 2 scrolls of amnesia {unknown}
 m - 2 scrolls of remove curse {unknown}
Potions
 e - a potion of curing {unknown}
 h - a potion of haste {unknown}
Comestibles
 f - 2 rations


   Skills:
 - Level 1.7 Fighting
 + Level 6.6 Slings
 - Level 2.1 Dodging
 + Level 2.6 Stealth


You had 2 spell levels left.
You didn't know any spells.
Your spell library was empty.

Dungeon Overview and Level Annotations

Branches:
Dungeon (1/15)

Altars:


Innate Abilities, Weirdness & Mutations

You are small and have problems with some larger weapons.
You are somewhat resistant to further mutation.


Message History

The adder closely misses you. The hobgoblin barely misses you.
The leopard gecko closely misses you.
You barely miss the adder.
The adder is severely wounded.
You feel sick. The adder barely misses you. The hobgoblin hits you.
* * * LOW HITPOINT WARNING * * *
The leopard gecko barely misses you.
A hobgoblin comes into view.
The adder bites you but does no damage.
You miss the adder.
The adder is severely wounded.
The leopard gecko bites you but does no damage.
The adder closely misses you. The hobgoblin barely misses you.
You barely miss the adder.
The adder is severely wounded.
The leopard gecko misses you. The adder bites you.
* * * LOW HITPOINT WARNING * * *
You are more poisoned.
The adder poisons you! The hobgoblin hits you.
You die...

(## ...
#.. #..
#..##
....#####
#S.gg.#
#@l#
.........#
..#.######


You could see an adder, a leopard gecko and 2 hobgoblins.

Vanquished Creatures
  A gnoll (D:1)
  A dart slug (D:1)
  A leopard gecko (D:1)
  3 bats (D:1)
  2 giant cockroaches (D:1)
  A goblin (D:1)
  3 hobgoblins (D:1)
  2 kobolds (D:1)
  2 frilled lizards (D:1)
  6 rats (D:1)
22 creatures vanquished.

Notes
Turn   | Place    | Note
-------+----------+-------------------------------------------
     0 | D:1      | Gynju the Halfling Hunter began the quest for the Orb.
     0 | D:1      | Reached XP level 1. HP: 14/14 MP: 1/1
    28 | D:1      | Reached skill level 6 in Slings
    49 | D:1      | Reached XP level 2. HP: 19/19 MP: 2/2
   631 | D:1      | Reached XP level 3. HP: 24/24 MP: 3/3
  1057 | D:1      | You fall into a shaft and drop 1 floor!
  1067 | D:2      | Slain by a hobgoblin

Levels and vault maps discovered:
D:1:      minmay_arrival_arboretum_small, layout_basic
D:2:      layout_rooms, marbit_many_paths, first_ration, minmay_heptomino_h4,
          uniq_natasha

Skill      XL: |  1  2 |
---------------+-------+-----
Slings         | 6 |  6.6
Stealth        | 2 |  2.6
Fighting       | |  1.7
Dodging        | |  2.1

Action                   || total
-------------------------++-------
Melee: Short sword       ||    61
 Fire: Hunting sling     ||    40
Throw: Stone             ||     1
 Stab: Sleeping          ||     1
Armor: Leather armour    ||    16
Dodge: Dodged            ||    75

Table legend:
 A = Non-vault XP
 B = Vault XP
 C = Vault XP percentage of total XP
 D = Non-vault monster count
 E = Vault monster count
 F = Vault count percentage of total count
                 A         B        C        D         E       F
            +---------+---------+-------+---------+---------+-------
      Total |      48 |       0 |   0.0 |      22 |       0 |   0.0
            +---------+---------+-------+---------+---------+-------
        D:1 |      48 |       0 |   0.0 |      22 |       0 |   0.0
            +---------+---------+-------+---------+---------+-------
